 Dungeon Crawl Stone Soup version 0.27.0-1-g7a089689b8 (webtiles) character file.

Game seed: 8843770832853764672

2827 fiver49 the Slicer (level 9, -3/49 HPs)
             Began as a Vampire Hunter on Aug 3, 2021.
             Was a Priest of Ru.
             Slain by a troll (10 damage)
             ... on level 9 of the Dungeon.
             The game lasted 00:20:18 (9292 turns).

fiver49 the Slicer (Vampire Hunter)                 Turns: 9292, Time: 00:20:19

Health: -3/49      AC:  5    Str: 20    XL:     9   Next: 45%
Magic:  18/18      EV: 12    Int: 20    God:    Ru [***...]
Gold:   466        SH:  0    Dex: 14    Spells: 8/8 levels left

rFire    + . .     SeeInvis +   Q - +0 rapier (elec)
rCold    + + .     Faith    +   (no shield)
rNeg     + + +     Spirit   .   P - +0 leather armour "Vuteic" {rElec rF+ rN+ MP+9}
rPois    ∞         Reflect  .   L - +1 helmet {SInv}
rElec    +         Harm     .   (no cloak)
rCorr    .         Rampage  .   (no gloves)
Will     .....                  (no boots)
Stlth    ++++++....             n - amulet of faith
HPRegen  0.00/turn              B - +6 ring of strength
MPRegen  0.16/turn              w - +6 ring of intelligence

@: bloodless, inhibited regen
A: bloodless, fangs 3, see invisible, inability to use devices, no fire magic,
no hexes magic, no summoning magic, vampiric 2
a: Bat Form, Revivify, Renounce Religion, Draw Out Power


You were on level 9 of the Dungeon.
You worshipped Ru.
Ru was most pleased with you.
You visited 1 branch of the dungeon, and saw 9 of its levels.

You collected 466 gold pieces.

Inventory:

Hand Weapons
 a - a +0 short sword
 r - a +1 dagger of draining
 J - a +0 rapier
 Q - a +0 rapier of electrocution (weapon)
Missiles
 c - 6 javelins
 d - 2 throwing nets
 l - 58 poisoned darts (quivered)
Armour
 b - a +0 leather armour
 h - a +0 ring mail
 D - a +0 helmet
 L - a +1 helmet of see invisible (worn)
 M - a +0 tower shield
 P - the +0 leather armour "Vuteic" (worn) {rElec rF+ rN+ MP+9}
   (You found it on level 8 of the Dungeon)

   rF:        It protects you from fire.
   rElec:     It insulates you from electricity.
   rN:        It protects you from negative energy.
   MP:        It affects your magic capacity (+9).
Jewellery
 g - an amulet of magic regeneration
 n - an amulet of faith (around neck)
 s - a ring of poison resistance
 w - a +6 ring of intelligence (right hand)
 B - a +6 ring of strength (left hand)
 H - a ring of flight
 K - an amulet of reflection
Scrolls
 f - a scroll of torment {unknown}
 i - 2 scrolls of fear {unknown}
 j - a scroll of amnesia {unknown}
 k - 2 scrolls of holy word {unknown}
 q - a scroll of silence {unknown}
 u - 2 scrolls of magic mapping {unknown}
 v - 7 scrolls of identify {unknown}
 x - 2 scrolls of immolation {unknown}
 A - a scroll of fog {unknown}
 E - 2 scrolls of summoning {unknown}
 F - 8 scrolls of teleportation {unknown}
 G - 3 scrolls of noise {unknown}
 O - a scroll of blinking {unknown}
Potions
 e - a potion of magic {unknown}
 m - 4 potions of curing
 o - a potion of brilliance {unknown}
 p - 3 potions of degeneration {unknown}
 t - a potion of haste {unknown}
 z - 2 potions of might
 C - 2 potions of mutation {unknown}
 I - a potion of ambrosia {unknown}
 N - 2 potions of resistance {unknown}
 R - a potion of invisibility {unknown}


   Skills:
 + Level 2.3 Fighting
 * Level 12.1 Short Blades
 - Level 3.2 Throwing
 + Level 1.1 Armour
 + Level 2.8 Dodging
 + Level 8.5 Stealth
 + Level 1.2 Shields


You had 8 spell levels left.
You didn't know any spells.
Your spell library contained the following spells:

 Spells                   Type           Power      Damage    Failure   Level
 Magic Dart               Conj           0%         1d3       22%         1
 Searing Ray              Conj           0%         3d3       34%         2
 Corona                   Hex            Unusable   N/A       N/A         1
 Ensorcelled Hibernation  Hex/Ice        Unusable   N/A       N/A         2
 Inner Flame              Hex/Fire       Unusable   N/A       N/A         3
 Tukima's Dance           Hex            Unusable   N/A       N/A         3
 Cause Fear               Hex            Unusable   N/A       N/A         4
 Fulminant Prism          Conj/Hex       Unusable   3d6       N/A         4
 Discord                  Hex            Unusable   N/A       N/A         8

Dungeon Overview and Level Annotations

Branches:
Dungeon (9/15)             Temple (0/1) D:6
   Lair: D:8-11         Orc: D:9-12

Altars:
Dithmenos
Hepliaklqana
Okawaru
Qazlal
Ru
Sif Muna
Yredelemnul

Annotations:
D:3 Ijyb
D:5 exclusion: two-headed ogre


Innate Abilities, Weirdness & Mutations

You do not regenerate when monsters are visible.
You are frail without blood (-20% HP).
You can heal yourself when you bite living creatures.
You are immune to poison.
You have razor-sharp teeth.
You have supernaturally acute eyesight. (SInv)
You cannot study or use magical devices.
You cannot study or cast Fire magic.
You cannot study or cast Hexes magic.
You cannot study or cast Summoning magic.
You are afflicted with vampirism and can become a bat while bloodless.


Message History

R - a metallic black potion
Found a dagger.
You see here a +0 trident.
A centaur zombie comes into view.
The helpless centaur zombie fails to defend itself.
You stick the centaur zombie like a pincushion!!!
Lightning courses through the centaur zombie!!
You destroy the centaur zombie!
Found a quarterstaff.
Found a bone wand.
Found a stone staircase leading up.
There is a stone staircase leading up here.
You now have 456 gold pieces (gained 7).
A centaur comes into view.
The helpless centaur fails to defend itself.
You bite the centaur, and draw its blood!
You perforate the centaur like a sieve!!!!
You kill the centaur!
Things that are here:
a +0 shortbow; 20 arrows; a centaur corpse
Found a stone staircase leading down.
You now have 466 gold pieces (gained 10).
A two-headed ogre comes into view.
It is wielding a +0 giant club and a +0 giant spiked club.
Unknown command.
The two-headed ogre shouts in stereo!
You hear a shout!
The two-headed ogre is stunned by your conviction and fails to attack.
You hit the two-headed ogre but do no damage.
You bite the two-headed ogre.
You draw the two-headed ogre's blood!
The two-headed ogre is lightly wounded.
The two-headed ogre barely misses you.
The two-headed ogre hits you with a +0 giant spiked club!!
Ouch! That really hurt!
A troll comes into view.
The troll bites you.
* * * LOW HITPOINT WARNING * * *
The troll claws you!
* * * LOW HITPOINT WARNING * * *
The troll claws you but does no damage. The troll closely misses you.
The troll claws you!
You die...

#.##......# #
#####.##......#
#.....####.##.#
#.###.# #.# .#
#.# #.####.# .#
#.# #......#
#.# #..O####
#.# #.#T# #.#
#.#@# #.#
#.#.## #.#
#....####.# #
#.........#
#.####...######
...##.## ##.
#####.##.# ...
#........# #..
..#........#


You could see a two-headed ogre and a troll.

Vanquished Creatures
  Pikel (D:3)
  A wyvern (D:8)
  2 steam dragons (D:8)
  A hornet zombie (D:7)
  A sky beast (D:8)
  3 ogres
  3 centaurs
  5 bullfrogs
  A water moccasin zombie (D:5)
  3 howler monkeys
  3 centaur zombies
  A bullfrog zombie (D:5)
  3 hounds
  A bullfrog skeleton (D:7)
  A jelly (D:7)
  4 orc priests
  A centaur skeleton (D:6)
  2 iguanas
  Natasha (twice) (D:1)
  5 orc wizards
  Terence (D:2)
  2 howler monkey zombies
  A howler monkey skeleton (D:5)
  4 gnolls (D:1)
  2 adders (D:4)
  A shadow imp (D:8)
  A white imp (D:7)
  2 adder skeletons
  A worm (D:2)
  A dart slug (D:2)
  14 orcs
  10 endoplasms
  4 giant cockroaches
  6 goblins
  9 hobgoblins
  4 jackals (D:2)
  A ball python (D:2)
  3 bats
  6 frilled lizards
  5 kobolds
  3 rats (D:1)
125 creatures vanquished.

Vanquished Creatures (others)
  A lemure (D:3)
  A rat (D:1)
2 creatures vanquished.

Grand Total: 127 creatures vanquished

Notes
Turn   | Place    | Note
-------+----------+-------------------------------------------
     0 | D:1      | fiver49 the Vampire Hunter began the quest for the Orb.
     0 | D:1      | Reached XP level 1. HP: 16/16 MP: 1/1
    63 | D:1      | Found a faded altar of an unknown god.
    73 | D:1      | Became a worshipper of Ru the Awakened
    99 | D:1      | Gained mutation: You cannot study or use magical devices.
                  | [Ru sacrifice]
    99 | D:1      | Reached * piety under Ru
    99 | D:1      | Reached ** piety under Ru
   130 | D:1      | Reached skill level 1 in Short Blades
   262 | D:1      | Reached XP level 2. HP: 22/22 MP: 2/2
   264 | D:1      | Reached skill level 2 in Short Blades
   779 | D:2      | Found an iron altar of Okawaru.
   871 | D:2      | Reached skill level 3 in Short Blades
   871 | D:2      | Gained mutation: You are afflicted with vampirism and can
                  | become a bat while bloodless. [Vampire growth]
   871 | D:2      | Reached XP level 3. HP: 23/27 MP: 3/3
   932 | D:2      | Noticed Natasha
   949 | D:2      | HP: 1/27 [orc wizard/magic dart (4)]
  1072 | D:1      | Killed Natasha
  1073 | D:1      | Reached skill level 4 in Short Blades
  1073 | D:1      | Reached XP level 4. HP: 33/33 MP: 4/4
  1134 | D:1      | Found a sacrificial altar of Ru.
  1160 | D:1      | Noticed Natasha
  1171 | D:1      | Killed Natasha
  1681 | D:2      | Reached skill level 5 in Short Blades
  1812 | D:1      | Reached XP level 5. HP: 31/38 MP: 5/5
  2073 | D:2      | Noticed Terence
  2093 | D:2      | Killed Terence
  2283 | D:2      | Reached skill level 6 in Short Blades
  2661 | D:3      | Noticed Ijyb
  3260 | D:3      | Gained mutation: You cannot study or cast Fire magic. [Ru
                  | sacrifice]
  3260 | D:3      | Gained mutation: You cannot study or cast Hexes magic. [Ru
                  | sacrifice]
  3260 | D:3      | Gained mutation: You cannot study or cast Summoning magic.
                  | [Ru sacrifice]
  3260 | D:3      | Reached *** piety under Ru
  3332 | D:4      | Noticed a lemure
  3332 | D:4      | Noticed Pikel
  3333 | D:4      | Noticed a lemure
  3333 | D:4      | Noticed a lemure
  3333 | D:4      | Noticed a lemure
  3506 | D:4      | Reached XP level 6. HP: 32/44 MP: 6/6
  3854 | D:4      | Reached skill level 7 in Short Blades
  4217 | D:4      | Found a shadowy altar of Dithmenos.
  4378 | D:3      | Killed Pikel
  4379 | D:3      | Reached skill level 9 in Short Blades
  4379 | D:3      | Reached XP level 7. HP: 10/49 MP: 7/7
  4671 | D:5      | Entered Level 5 of the Dungeon
  4748 | D:5      | Found a shimmering blue altar of Sif Muna.
  4749 | D:5      | Found a hazy altar of Hepliaklqana.
  4752 | D:5      | Found a stormy altar of Qazlal.
  5008 | D:5      | Noticed a two-headed ogre
  5223 | D:5      | Reached XP level 8. HP: 33/44 MP: 8/8
  5322 | D:5      | Reached skill level 10 in Short Blades
  5732 | D:6      | Found a basalt altar of Yredelemnul.
  5791 | D:6      | Found a staircase to the Ecumenical Temple.
  6666 | D:7      | Reached skill level 5 in Stealth
  7085 | D:7      | Reached skill level 11 in Short Blades
  8088 | D:8      | Reached XP level 9. HP: 37/48 MP: 9/9
  8552 | D:8      | Reached skill level 12 in Short Blades
  8716 | D:8      | Identified the +0 leather armour "Vuteic" {rElec rF+ rN+
                  | MP+9}
  8868 | D:8      | Reached skill level 1 in Shields
  8971 | D:9      | Reached skill level 1 in Armour
  8983 | D:9      | Noticed a boulder beetle
  9272 | D:9      | Noticed a two-headed ogre
  9278 | D:9      | Noticed a troll
  9292 | D:9      | Slain by a troll

Illustrated notes

Levels and vault maps discovered:
D:1:      nicolae_arrival_memento_mori, layout_basic,
          ebering_ecumenical_altar_hall, minmay_shallow_snake_nest
D:2:      layout_loops_ring, basic_altar, uniq_natasha, uniq_terence
D:3:      layout_basic, uniq_ijyb
D:4:      layout_basic, nicolae_dithmenos_shadow_blocks, kennysheep_boxes,
          uniq_pikel
D:5:      layout_rooms, nicolae_overflow_hidden_temple, lightli_corner_chamber
D:6:      layout_basic, mainiacjoe_overflow_small_starburst,
          minmay_temple_entry_hall, serial_rivers,
          chequers_serial_rivers_room_b, chequers_serial_rivers_large_b,
          chequers_serial_rivers_small_a, chequers_serial_rivers_large_a
D:7:      layout_basic, columned_hall_lemuel
D:8:      layout_rooms, kennysheep_generic_room_16
D:9:      layout_loops_ring

Skill      XL: |  1  2  3  4  5  6  7  8  9 |
---------------+----------------------------+-----
Short Blades   | 1 3 4 5 6 9 11 12 | 12.1
Stealth        | 3 7 8 |  8.5
Fighting       | 2 |  2.3
Shields        | 1 |  1.2
Armour         | 1 |  1.1
Throwing       | |  3.2
Dodging        | |  2.8

Action                   |  1- 3 |  4- 6 |  7- 9 || total
-------------------------+-------+-------+-------++-------
Melee: Short sword       |   129 |    82 |       ||   211
       Bite              |     7 |    23 |    31 ||    61
       Dagger            |       |   146 |   248 ||   394
       Rapier            |       |       |     5 ||     5
Throw: Dart              |     4 |    32 |    62 ||    98
Invok: Sacrifice Artific |     1 |       |       ||     1
       Sacrifice Arcana  |       |     1 |       ||     1
       Reject Sacrifices |       |       |     1 ||     1
 Abil: Exsanguinate      |       |       |     1 ||     1
 Stab: Invisible         |       |     5 |     1 ||     6
       Sleeping          |       |     3 |    11 ||    14
Armor: Ring mail         |    39 |    46 |    43 ||   128
       Leather armour    |     1 |       |     1 ||     2
Dodge: Dodged            |    60 |    87 |    77 ||   224
